 Dungeon Crawl Stone Soup version 0.15.0 (webtiles) character file.

336 Charly the Chopper (level 6, -5/48 HPs)
             Began as a Formicid Fighter on Aug 28, 2014.
             Slain by a hill giant
             ... wielding a +0 giant club
              (18 damage)
             ... on Level 10 of the Dungeon.
             The game lasted 00:08:21 (690 turns).

Charly the Chopper (Formicid Fighter)                Turns: 690, Time: 00:08:21

HP  -5/48        AC  6     Str 22      XL: 6   Next: 84%
MP   8/8         EV  7     Int  9      God:
Gold 115         SH  9     Dex 12      Spells:  0 memorised,  5 levels left

rFire  . . .     SeeInvis +     a - +0 war axe
rCold  . . .     Clarity  .     b - +0 scale mail
rNeg   . . .     rCorr    .     c - +0 shield
rPois  .         rRot     .     (helmet unavailable)
rElec  .         Spirit   .     (no cloak)
SustAb .         Warding  .     (no gloves)
rMut   .         Stasis   +     (no boots)
Gourm  .                        (no amulet)
MR     .....                    e - +2 ring of dexterity
                                i - +1 ring of strength

@: not resistant to hostile enchantments, extremely unstealthy
A: permanent stasis, dig shafts and tunnels, four strong arms, antennae 3
a: Dig, Shaft Self


You were on level 10 of the Dungeon.
You were very hungry.

You visited 1 branch of the dungeon, and saw 8 of its levels.

You collected 115 gold pieces.

Inventory:

Hand weapons
 a - a +0 war axe (weapon)
 l - the +8 cutlass of Truth {slice, +Rage +Fly rElec}
   (You found it on level 9 of the Dungeon)

   It inflicts extra damage upon your enemies.
   It insulates you from electricity.
   It lets you fly.
   It lets you go berserk.
Armour
 b - a +0 scale mail (worn)
 c - a +0 shield (worn)
Magical devices
 g - a wand of fire (12)
Comestibles
 d - a bread ration
 k - a meat ration
Jewellery
 e - a +2 ring of dexterity (right hand)
 i - a +1 ring of strength (left hand)
Potions
 f - a potion of invisibility {unknown}


   Skills:
 + Level 4.2 Fighting
 + Level 6.2 Axes
 - Level 3.2 Armour
 - Level 3.6 Shields


You had 5 spell levels left.
You didn't know any spells.

Dungeon Overview and Level Annotations

Branches:
Dungeon (10/15)
 Temple: D:4-7          Orc: D:9-12        Lair: D:8-11

Altars:
Dithmenos


Innate Abilities, Weirdness & Mutations

Your are under a permanent stasis effect.
You can dig through walls and to a lower floor.
Your four strong arms can wield two-handed weapons with a shield.
You have a pair of large antennae on your head (SInv).


Message History

A hill giant comes into view. It is wielding a giant club.
Evoke which item? (* to show all) (? for menu, Esc to quit)
Zapping:
g - a crooked iron wand
Press: ? - help, Shift-Dir - straight line, f - hill giant
Aim: a hill giant, wielding a giant club The bolt of fire hits the hill giant.
The hill giant is moderately wounded.
g - a wand of fire {zapped: 1} You hit the hill giant.
The hill giant is moderately wounded.
You block the hill giant's attack.
You hit the hill giant.
The hill giant is moderately wounded.
The hill giant hits you with a giant club!
* * * LOW HITPOINT WARNING * * *
Your scale mail prevents you from hitting the hill giant.
The hill giant is moderately wounded.
Your butterfly disappears in a puff of smoke!
The hill giant hits you with a giant club!!
You die...

#.# #..# # #.# #.
...# #.###b# ##. #..#
#.....# #...
#..#######b<# #...
#......b.b..#
###...###...######.##
#............# #b#
......§b@.b..# #.#
#......C.....######.#
####...##...........#
#... #....########
#.. ####.# ##. #.# .
#.# # #.# #.#


You could see a hill giant.

Vanquished Creatures
  A centaur (D:9)
  A giant frog (D:7)
  A wight (D:9)
  2 iguanas
  A hound (D:9)
  2 worker ants
  The ghost of Charly the Shield-Bearer, a weakling FoFi (D:5)
  2 orcs (D:9)
  A goblin (D:2)
  A hobgoblin (D:7)
  A bat (D:8)
  A giant newt (D:2)
  2 kobolds
  A rat (D:9)
18 creatures vanquished.

Notes
Turn   | Place    | Note
--------------------------------------------------------------
     0 | D:1      | Charly, the Formicid Fighter, began the quest for the Orb.
     0 | D:1      | Reached XP level 1. HP: 18/18 MP: 1/1
     3 | D:1      | You fall through a shaft!
    24 | D:2      | You fall through a shaft!
    27 | D:3      | You fall through a shaft for 2 floors!
    27 | D:5      | Entered Level 5 of the Dungeon
    27 | D:5      | Noticed a worker ant
    32 | D:5      | Killed a worker ant
    32 | D:5      | Reached XP level 2. HP: 14/24 MP: 3/3
    32 | D:5      | Reached XP level 3. HP: 16/29 MP: 4/4
    63 | D:5      | Noticed Charly's ghost (weakling FoFi)
    76 | D:5      | Killed Charly's ghost
   146 | D:5      | Noticed a centaur
   149 | D:5      | You fall through a shaft for 3 floors!
   172 | D:7      | Found a shadowy altar of Dithmenos.
   184 | D:7      | Noticed a giant frog
   192 | D:7      | Killed a giant frog
   192 | D:7      | Reached skill level 4 in Axes
   192 | D:7      | Reached XP level 4. HP: 2/35 MP: 5/5
   192 | D:7      | Reached XP level 5. HP: 2/41 MP: 7/7
   209 | D:7      | Reached skill level 5 in Axes
   301 | D:7      | You fall through a shaft for 2 floors!
   346 | D:9      | HP: 2/41 [iguana (4)]
   452 | D:9      | Noticed an orc warrior
   458 | D:9      | Reached XP level 6. HP: 26/47 MP: 8/8
   482 | D:9      | Noticed a centaur
   496 | D:9      | Killed a centaur
   496 | D:9      | Reached skill level 6 in Axes
   647 | D:9      | Got a fine cutlass
   663 | D:10     | Entered Level 10 of the Dungeon
   664 | D:10     | Identified the cursed +8 cutlass of Truth {slice, +Rage +Fly rElec} (You found it on level 9 of the Dungeon)
   686 | D:10     | Noticed a hill giant
   690 | D:10     | Slain by a hill giant

Action                   |  1- 3 |  4- 6 || total
-------------------------+-------+-------++-------
Melee: War axe           |    29 |    45 ||    74
 Abil: Shaft Self        |     4 |     1 ||     5
       Dig               |     2 |     2 ||     4
Evoke: Wand              |       |     1 ||     1
  Use: Potion            |     1 |       ||     1
       Scroll            |       |     3 ||     3
  Eat: Pizza             |       |     1 ||     1
